 Dungeon Crawl Stone Soup version 0.16-a0-2644-g5380ef8 (webtiles) character file.

390 Fiveotanaka the Conjurer (level 6, -1/36 HPs)
             Began as an Octopode Conjurer on Nov 23, 2014.
             Slain by a slave (5 damage)
             ... led by Pikel
             ... on level 3 of the Dungeon.
             The game lasted 00:21:19 (4297 turns).

Fiveotanaka the Conjurer (Octopode Conjurer)        Turns: 4297, Time: 00:21:19

Health: -1/36      AC:  1    Str: 10    XL:     6   Next: 80%
Magic:  5/15       EV: 10    Int: 20    God:
Gold:   140        SH:  0    Dex: 12    Spells: 3 memorised, 7 levels left

rFire  . . .     SeeInvis .     t - +0 dagger (venom)
rCold  . . .     Clarity  .     (no shield)
rNeg   . . .     SustAb   .     (helmet restricted)
rPois  .         Gourm    .     (no amulet)
rElec  .         Spirit   .     l - -2 ring of evasion (curse)
rCorr  .         Warding  .     A - +3 ring of strength
rMut   .         Stasis   .     (no ring)
MR     .....                    (no ring)
Stlth  ++++......               (no ring)
                                (no ring)
                                (no ring)
                                (no ring)

@: not resistant to hostile enchantments, stealthy
A: almost no armour, amphibious, 8 rings, constrict 8, camouflage 1, gelatinous
body 1
a: no special abilities


You were on level 3 of the Dungeon.
You were not hungry.

You visited 1 branch of the dungeon, and saw 4 of its levels.

You collected 140 gold pieces.

Inventory:

Hand weapons
 e - a +2 mace of holy wrath
 t - a +0 dagger of venom (weapon)
Missiles
 j - 32 stones (quivered)
Jewellery
 l - a cursed -2 ring of evasion (left tentacle)
 A - a +3 ring of strength (right tentacle)
Magical devices
 y - a wand of frost (23)
Scrolls
 a - a scroll of immolation
 h - a scroll of enchant armour {unknown}
 i - 2 scrolls of teleportation {unknown}
 k - 2 scrolls of identify
 n - 2 scrolls of remove curse {unknown}
 o - a scroll of fear {unknown}
 q - a scroll of recharging {unknown}
 r - a scroll of noise {unknown}
Potions
 m - a potion of curing {unknown}
 s - 2 potions of flight {unknown}
 u - a potion of cure mutation {unknown}
 v - a potion of poison {unknown}
 w - a potion of experience {unknown}
 z - a potion of haste {unknown}
Books
 c - a book of Conjurations

   Spells                             Type                      Level
   *Magic Dart                        Conjuration                  1
   *Searing Ray                       Conjuration                  2
   Dazzling Spray                     Conjuration/Hexes            3
   Fulminant Prism                    Conjuration/Hexes            4
   *Iskenderun's Mystic Blast         Conjuration                  4
   Iskenderun's Battlesphere          Conjuration/Charms           5
 f - a book of Debilitation

   Spells                             Type                      Level
   Corona                             Hexes                        1
   Slow                               Hexes                        2
   Inner Flame                        Hexes/Fire                   3
   Enslavement                        Hexes                        4
   Cause Fear                         Hexes                        4
   Leda's Liquefaction                Hexes/Earth                  4
Comestibles
 b - 2 bread rations
 d - 9 fruits
 g - 3 meat rations
 p - a chunk of flesh
 x - a beef jerky


   Skills:
 + Level 2.0 Dodging
 * Level 4.2 Stealth
 + Level 4.5 Spellcasting
 * Level 5.9 Conjurations


You had 7 spell levels left.
You knew the following spells:

 Your Spells              Type           Power        Failure   Level  Hunger
a - Magic Dart            Conj           ####         1%          1    None
b - Searing Ray           Conj           ####..       1%          2    #......
c - Iskenderun's Mystic   Conj           ####....     12%         4    ####...


Dungeon Overview and Level Annotations

Branches:
Dungeon (4/15)
 Temple: D:4-7

Altars:
Sif Muna

Annotations:
D:4 Pikel


Innate Abilities, Weirdness & Mutations

You cannot wear most types of armour.
You are amphibious.
You can wear up to eight rings at the same time.
You can use your tentacles to constrict many enemies at once.
Your skin changes colour to match your surroundings (Stealth).
Your rubbery body absorbs attacks (AC +1).


Message History

Confirm with . or Enter, or press ? or * to list all spells.
Aiming: Searing Ray
Press: ? - help, Shift-Dir - straight line, f/p - slave
Aim: a slave, wearing an animal skin (heavily wounded)
The searing ray hits the slave.
The slave is heavily wounded.
The slave hits you.
* * * LOW HITPOINT WARNING * * *
Casting: Searing Ray
Confirm with . or Enter, or press ? or * to list all spells.
Okay, then.
Casting: Searing Ray
Confirm with . or Enter, or press ? or * to list all spells.
Aiming: Iskenderun's Mystic Blast
Press: ? - help, Shift-Dir - straight line, f/p - slave
Aim: a slave, wearing an animal skin (heavily wounded)
The orb of energy hits the slave.
The slave is severely wounded.
The orb of energy explodes!
The slave hits you.
You die...

#........##.##....
#<##.#########.##.
#.##.###≈.≈###..#.
#.####≈≈≈≈≈..##...
#.###≈≈≈≈.....####
#.#.#≈≈≈≈≈........
#.#.#≈≈≈≈≈........
#[#.#≈≈≈≈≈≈.......
#@p.#≈≈≈≈≈....####
###.##≈≈≈≈...##.##
#..###≈≈.###...#
#..#######......
##......#........
#.......'........
##...####........
##.## ##.......
#.# ##.....#


You could see a slave.

Vanquished Creatures
  A slave (D:3)
  The ghost of tijit the Grave Robber, an average SpNe (D:3)
  A centaur skeleton (D:4)
  A hound (D:3)
  2 orc priests (D:3)
  Terence (D:2)
  Robin (D:2)
  5 adders
  4 gnolls (D:3)
  A giant mite (D:1)
  A worm (D:2)
  A giant gecko (D:3)
  An ooze (D:1)
  10 orcs (D:3)
  6 giant cockroaches
  11 hobgoblins
  2 quokkas
  10 bats
  4 giant newts
  17 goblins
  3 jackals (D:2)
  10 kobolds
  2 rats
96 creatures vanquished.

Notes
Turn   | Place    | Note
--------------------------------------------------------------
     0 | D:1      | Fiveotanaka, the Octopode Conjurer, began the quest for the Orb.
     0 | D:1      | Reached XP level 1. HP: 11/11 MP: 3/3
   193 | D:1      | Reached XP level 2. HP: 17/17 MP: 0/4
   717 | D:1      | Reached XP level 3. HP: 21/21 MP: 3/6
  1101 | D:2      | Learned a level 2 spell: Searing Ray
  1185 | D:2      | Noticed Terence
  1585 | D:2      | Reached XP level 4. HP: 16/27 MP: 0/8
  1689 | D:2      | Reached skill level 5 in Conjurations
  1738 | D:2      | Killed Terence
  2112 | D:2      | Noticed Robin
  2121 | D:2      | Killed Robin
  2121 | D:2      | Reached XP level 5. HP: 29/31 MP: 1/11
  2628 | D:3      | Found a deep blue altar of Sif Muna.
  2715 | D:3      | Noticed tijit's ghost (average SpNe)
  2722 | D:3      | Killed tijit's ghost
  2722 | D:3      | Reached XP level 6. HP: 31/36 MP: 2/14
  2728 | D:3      | Learned a level 4 spell: Iskenderun's Mystic Blast
  4221 | D:4      | Noticed Pikel
  4297 | D:3      | Slain by a slave

Action                   |  1- 3 |  4- 6 || total
-------------------------+-------+-------++-------
Melee: Mace              |     4 |    10 ||    14
       Dagger            |       |     2 ||     2
 Cast: Magic Dart        |    70 |    86 ||   156
       Searing Ray       |     1 |    19 ||    20
       Iskenderun's Myst |       |     1 ||     1
  Use: Scroll            |     1 |     1 ||     2
       Potion            |       |     1 ||     1
  Eat: Chunk             |     3 |     8 ||    11
